 Dungeon Crawl Stone Soup version 0.30-a0-190-g22c9a3c0ff (webtiles) character file.

Game seed: 165381681584443084

287 910rd the Gusty (level 6, -3/35 HPs)
             Began as a Tengu Air Elementalist on Oct 4, 2022.
             Was a Follower of Vehumet.
             Slain by an iguana (10 damage)
             ... on level 3 of the Dungeon.
             The game lasted 00:12:53 (3189 turns).

910rd the Gusty (Tengu Air Elementalist)            Turns: 3189, Time: 00:12:53

Health: -3/35      AC:  4    Str:  9    XL:     6   Next: 30%
Magic:  4/11       EV: 14    Int: 17    God:    Vehumet [*.....]
Gold:   171        SH:  0    Dex: 14    Spells: 5/11 levels left

rFire   . . .      SeeInvis .    c - +2 dagger (protect)
rCold   . . .      Faith    .    (no shield)
rNeg    . . .      Spirit   .    a - +0 robe
rPois   .          Reflect  .    p - +2 hat
rElec   .          Harm     .    h - scarf {+Inv}
rCorr   .          Rampage  .    (no gloves)
Will    .....                    (boots unavailable)
Stlth   ++........               (no amulet)
HPRegen 0.25/turn                (no ring)
MPRegen 0.12/turn                (no ring)

@: flying quickly and evasively, quick
A: beak, talons 3, nimble flight
a: Renounce Religion, Evoke Invisibility


You were on level 3 of the Dungeon.
You worshipped Vehumet.
Vehumet was aware of your devotion.
You visited 1 branch of the dungeon, and saw 4 of its levels.

You collected 171 gold pieces.

Inventory:

Hand Weapons
 c - a +2 dagger of protection (weapon)
 k - a +0 falchion of protection
 m - a +0 short sword of speed
Armour
 a - a +0 robe (worn)
 h - a scarf of invisibility (worn)
 p - a +2 hat (worn)
Magical Staves
 g - a staff of cold
Wands
 s - a wand of mindburst (18)
Scrolls
 e - a scroll of teleportation
 l - 2 scrolls of torment
 n - 2 scrolls of enchant weapon
 q - a scroll of immolation
Potions
 b - a potion of magic
 d - a potion of might {unknown}
 f - a potion of attraction {unknown}
 i - 2 potions of curing
 j - 2 potions of experience {unknown}
 o - a potion of flight {unknown}
 t - a potion of haste {unknown}


   Skills:
 - Level 2.0 Fighting
 - Level 2.1 Dodging
 - Level 2.0 Stealth
 - Level 3.0 Spellcasting
 - Level 1.3 Conjurations
 + Level 7.9 Air Magic


You had 5 spell levels left.
You knew the following spells:

 Your Spells              Type           Power      Damage    Failure   Level
a - Shock                 Conj/Air       72%        1d7       2%          1
b - Static Discharge      Conj/Air       36%        2-4/arc   4%          2
c - Swiftness             Air            29%        N/A       1%          3

Your spell library contained the following spells:

 Spells                   Type           Power      Damage    Failure   Level
 Kiss of Death            Conj/Necr      16%        2d6       13%         1
 Airstrike                Air            14%        2d(3-19)  7%          4
 Beastly Appendage        Tmut           4%         N/A       17%         1
 Wereblood                Tmut           2%         N/A       26%         2
 Spider Form              Tmut/Pois      2%         N/A       45%         3
 Petrify                  Tmut/Erth      2%         N/A       86%         4
 Metabolic Englaciation   Hex/Ice        1%         N/A       99%         5
 Statue Form              Tmut/Erth      1%         N/A       100%        6


Dungeon Overview and Level Annotations

Branches:
Dungeon (4/15) Zot: 20851
 Temple: D:4-7

Altars:
Vehumet
Xom

Shops:
D:3 :


Innate Abilities, Weirdness & Mutations

You have a beak for a mouth.
You have claws for feet.
Your magical nature lets you fly swiftly and evasively.


Message History

You kill the orc!
Vehumet accepts your kill.
You feel your power returning.
The lightning grounds out.
An iguana comes into view.
The ball python bites you.
* * * LOW HITPOINT WARNING * * *
The ball python barely misses you.
You take 4 damage, and have 11/35 hp.
The iguana hisses angrily.
You hit the ball python.
Your weapon exudes an aura of protection.
Your kick misses the ball python. You peck the ball python.
You kill the ball python!
Vehumet accepts your kill.
Items here: ( ) [ †.
m - a +0 short sword of speed A quokka comes into view.
The adder hisses angrily.
There is a stone staircase leading up here.
The iguana bites you.
* * * LOW HITPOINT WARNING * * *
You fly upwards.
There is a stone staircase leading down here.
You take 1 damage, and have 13/35 hp.
Aiming: Mindburst
Press: ? - help, Shift-Dir - straight line, f - iguana
Aim: an iguana (chance to affect: 72%)
The iguana struggles to resist.
The iguana misses you.
Casting: Static Discharge (safe; 4% risk of failure)
Confirm with . or Enter, or press ? or * to list all spells.
The iguana is struck by an arc of lightning.
The iguana is moderately wounded.
You are struck by an arc of lightning.
* * * LOW HITPOINT WARNING * * *
The iguana is struck by an arc of lightning.
The iguana is heavily wounded.
You are struck by an arc of lightning.
* * * LOW HITPOINT WARNING * * *
The lightning grounds out.
The iguana bites you!
You die...

##.####.†.# ##.## #.#
........#.# #.# #.# .#........#
#.# #.# .###[#.#### ##'## #.##
.# #.#.# ##...## #..# .# #...##
##.....## ####)# .# ###..##
##.......## ##.##.#
.#####...####....l....####...#.#
..........<.'...@.....'.†......#
.........#.##.........####..†#.#
##.###..##.###.......## ##.##.##
#.# #.###.# ##.....## #.......
#.###.###.# ##...## #.###.##
#.........# ##+## #.###.##
#####.##### #.# #.....## #.# #.#
#..##### ##.##########.## #..# #


You could see an iguana.

Vanquished Creatures
  A steam dragon (D:3)
  An iguana (D:4)
  5 adders
  A worm (D:2)
  A dart slug (D:1)
  4 orcs (D:4)
  6 ball pythons
  9 bats
  4 endoplasms
  4 giant cockroaches
  5 goblins
  8 hobgoblins
  5 jackals
  5 quokkas
  3 frilled lizards
  7 kobolds
  5 rats
74 creatures vanquished.

Notes
Turn   | Place    | Note
-------+----------+-------------------------------------------
     0 | D:1      | 910rd the Tengu Air Elementalist began the quest for the
                  | Orb.
     0 | D:1      | Reached XP level 1. HP: 10/10 MP: 4/4
   285 | D:1      | Reached XP level 2. HP: 15/15 MP: 4/6
   294 | D:1      | Learned a level 2 spell: Static Discharge
   408 | D:1      | Reached skill level 5 in Air Magic
   473 | D:1      | Found a faded altar of an unknown god.
   560 | D:1      | Reached skill level 1 in Fighting
   753 | D:1      | Reached XP level 3. HP: 20/20 MP: 4/7
  1014 | D:2      | Learned a level 3 spell: Swiftness
  1030 | D:2      | Found a radiant altar of Vehumet.
  1043 | D:2      | Became a worshipper of Vehumet
  1269 | D:2      | Reached XP level 4. HP: 24/26 MP: 8/8
  1838 | D:3      | Noticed a steam dragon
  1919 | D:3      | Found Ufeon's Vocational Training.
  2374 | D:3      | Reached * piety under Vehumet
  2374 | D:3      | Offered knowledge of Kiss of Death by Vehumet.
  2479 | D:3      | Killed a steam dragon
  2480 | D:3      | Reached skill level 7 in Air Magic
  2480 | D:3      | Gained mutation: Your magical nature lets you fly swiftly
                  | and evasively. [Tengu growth]
  2480 | D:3      | Reached XP level 5. HP: 18/30 MP: 3/10
  2480 | D:3      | Reached XP level 6. HP: 21/35 MP: 3/11
  2664 | D:3      | Found a shimmering altar of Xom.
  3189 | D:3      | Slain by an iguana

Illustrated notes

Levels and vault maps discovered:
D:1:      tarquinn_simple_flora_water_e, layout_basic,
          shapermc_ecumenical_altar_acropolis, fountainhead,
          minmay_misc_feat_enclosed, minmay_cupped
D:2:      layout_basic, basic_altar, minmay_split_cup_large
D:3:      layout_loops_corners, mainiacjoe_overflow_alcove_1,
          nicolae_shop_vocational
D:4:      layout_basic, serial_shops, shop

Skill      XL: |  1  2  3  4 |
---------------+-------------+-----
Air Magic      | 5 7 |  7.9
Fighting       | 1 2 |  2.0
Spellcasting   | 3 |  3.0
Dodging        | |  2.1
Stealth        | |  2.0
Conjurations   | |  1.3

Action                   |  1- 3 |  4- 6 || total
-------------------------+-------+-------++-------
Melee: Dagger            |    30 |    15 ||    45
       Kick              |     5 |     5 ||    10
       Peck              |     4 |     9 ||    13
       Falchion          |       |     9 ||     9
 Cast: Shock             |    55 |    47 ||   102
       Static Discharge  |     2 |    19 ||    21
Evoke: Wand              |       |     1 ||     1
  Use: Scroll            |       |     9 ||     9
 Stab: Sleeping          |     1 |       ||     1
Armor: Robe              |    12 |    12 ||    24
Dodge: Dodged            |    25 |    43 ||    68

Table legend: (Time is in decaauts)
 A = Elapsed time spent in this place.
 B = Non-inter-level travel time spent in this place.
 C = Inter-level travel time spent in this place.
 D = Time resting spent in this place.
 E = Time spent auto-exploring this place.
 F = Levels seen in this place.
 G = Mean time per level.
                   A        B        C        D        E       F      G
               +--------+--------+--------+--------+--------+-----+--------+
         Total |   3147 |   3036 |    111 |    227 |   2294 |   4 |  786.8 |
       Dungeon |   3147 |   3036 |    111 |    227 |   2294 |   4 |  786.8 |
               +--------+--------+--------+--------+--------+-----+--------+

Top non-repeatable levels by time:
     D:3: 1075 daAuts
     D:1: 990 daAuts
     D:2: 809 daAuts
     D:4: 272 daAuts
